AoeStats
← Seguidor de voldo n1

MegaRandom

510257516Analyzed
3v3 RM · 3d ago on Sep 30, 2026· 46m 51s· 6 players
Game mode
Random Map
Map size
Normal (6 player)
Population
200
Speed
Normal
Resources
Standard
Victory
Conquest
Starting age
Dark Age
Ending age
Imperial Age
RankedLock teamsTeams togetherTeam positionsShared explorationLock speedFull tech treeHidden civsTurbo modeCheats
Victory
Defeat
947
+17
🇨🇱 Slavs · Chile
947
+17
🇨🇱 Saxons · Chile
924
+17
🇺🇸 Mongols · United States
1063
-22
🇺🇸 Persians · United States
969
-17
🇳🇱 Malians · Netherlands
848
-12
Seguidor de voldo n1
7:08 Loom
13:06 Feudal Age
13:12 Man-at-Arms
14:26 Horse Collar
17:11 Scale Mail Armor
17:44 Double-Bit Axe
22:37 Castle Age
23:03 Long Swordsman
23:44 Squires
24:33 Wheelbarrow
29:22 Pikeman
38:04 Bow Saw
42:40 Imperial Age
44:29 Hand Cart
43:59 Town Watch
45:56 Two-Man Saw
47:10 Bloodlines
47:02 Husbandry
46:41 Light Cavalry
47:34 Scale Barding Armor
47:40 Forging
Führer Voldo
7:58 Loom
10:22 Feudal Age
11:10 Double-Bit Axe
18:19 Castle Age
19:12 Bow Saw
18:37 Pikeman
19:19 Squires
19:05 Horse Collar
20:58 Scale Mail Armor
24:33 Stone Mining
26:04 Gold Mining
26:20 Heavy Plow
26:22 Town Watch
27:13 Wheelbarrow
28:10 Fletching
29:54 Bodkin Arrow
31:00 Murder Holes
31:26 Ballistics
31:45 Clerical Recruitment
32:15 Treadmill Crane
33:28 Chain Mail Armor
34:19 Gold Shaft Mining
35:00 Hand Cart
35:35 Gambesons
36:06 Forging
37:29 Masonry
38:26 Iron Casting
43:08 Imperial Age
41:29 Town Patrol
44:46 Conscription
43:47 Elite Hearth Troop
45:03 Hoardings
43:51 Capped Ram
45:52 Two-Man Saw
45:30 Crop Rotation
45:46 Plate Mail Armor
45:16 Bracer
45:00 Shield Wall
45:46 Arson
46:09 Siege Engineers
46:35 Architecture
48:16 Chemistry
lacayo de voldo bahamondes
8:38 Loom
11:43 Feudal Age
13:37 Double-Bit Axe
16:43 Forging
17:42 Scale Barding Armor
24:30 Castle Age
24:47 Wheelbarrow
24:27 Bloodlines
26:08 Fletching
27:28 Hand Cart
28:20 Chain Barding Armor
30:26 Horse Collar
33:47 Pikeman
36:43 Caravan
39:19 Imperial Age
39:46 Iron Casting
39:20 Town Watch
40:32 Cavalier
41:53 Plate Barding Armor
44:38 Paladin
The Real Skull
7:24 Loom
11:05 Feudal Age
16:35 Castle Age
18:32 Horse Collar
19:31 Heavy Plow
19:23 Double-Bit Axe
20:04 Bloodlines
24:11 Heavy Plow
27:24 Bow Saw
31:16 Forging
30:59 Fletching
31:49 Bodkin Arrow
31:55 Padded Archer Armor
32:41 Wheelbarrow
33:24 Bloodlines
33:14 Husbandry
34:14 Hand Cart
34:14 Thumb Ring
34:26 Gold Mining
36:42 Gold Shaft Mining
35:59 Stone Mining
39:34 Imperial Age
37:36 Leather Archer Armor
39:32 Light Cavalry
40:27 Bracer
40:14 Elite Mangudai
42:41 Ballistics
43:30 Conscription
cheddarmac
11:42 Feudal Age
21:58 Castle Age
21:31 Bloodlines
22:37 Horse Collar
23:30 Husbandry
27:24 Scale Barding Armor
31:49 Forging
32:00 Chain Barding Armor
37:35 Double-Bit Axe
41:07 Iron Casting
47:49 Imperial Age
Rilenzo
10:49 Loom
13:28 Feudal Age
16:37 Man-at-Arms
23:57 Double-Bit Axe
23:56 Horse Collar
26:33 Forging
26:23 Scale Mail Armor
32:33 Castle Age
Connection lost

Rejoining the realm…

Still unreachable

The connection could not be restored.

Session expired

The server has moved on; the page needs a fresh start.